 Dungeon Crawl Stone Soup version 0.31-a0-188-g5e087ee2ca (webtiles) character file.

Game seed: 17182265926588990865

93 qw the Shooter (level 4, -2/25 HPs)
             Began as a Deep Elf Hunter on June 23, 2023.
             Slain by an orc priest
             ... wielding a +0 flail
              (7 damage)
             ... on level 2 of the Dungeon.
             The game lasted 00:00:27 (1154 turns).

qw the Shooter (Deep Elf Hunter)                    Turns: 1154, Time: 00:00:27

Health: -2/25      AC:  7    Str: 10    XL:     4   Next: 37%
Magic:  6/6        EV: 11    Int: 14    God:
Gold:   69         SH:  0    Dex: 18    Spells: 3/3 levels left

rFire   . . .        Y - +1 shortbow
rCold   . . .        (shield currently unavailable)
rNeg    . . .        d - +0 swamp dragon scales
rPois   +            (no helmet)
rElec   .            (no cloak)
rCorr   .            (no gloves)
SInv    .            (no boots)
Will    .....        (no amulet)
Stlth   +            (no ring)
HPRegen 0.24/turn    (no ring)
MPRegen 0.10/turn

%: no passive effects
@: about to teleport
A: no striking features
a: no special abilities


You were on level 2 of the Dungeon.
You visited 1 branch of the dungeon, and saw 2 of its levels.

You collected 69 gold pieces.


   Skills:
 - Level 1.5 Fighting
 + Level 7.8 Ranged Weapons
 - Level 2.4 Dodging
 - Level 1.2 Stealth


You had 3 spell levels left.
You didn't know any spells.
Your spell library was empty.

Inventory:

Hand Weapons
 Y - a +1 shortbow (weapon)
Armour
 d - +0 swamp dragon scales (worn)
Scrolls
 i - 3 scrolls of identify
Potions
 a - 2 potions of attraction {unknown}
 b - 2 potions of magic {unknown}
 e - a potion of heal wounds
 f - a potion of curing
 g - a potion of haste
 h - a potion of mutation {unknown}

Dungeon Overview and Level Annotations

Branches:
Dungeon (2/15)

Altars:
Hepliaklqana


Message History

You shoot an arrow. The arrow misses the adder.
The arrow hits the orc.
The orc is almost dead.
The adder barely misses you.
An orc priest comes into view. It is wielding a +0 flail.
The adder bites you but does no damage.
The orc priest moves out of view.
You shoot an arrow. The arrow misses the adder.
The arrow hits the orc.
You kill the orc!
You hear a shout!
The adder bites you but does no damage.
You shoot an arrow. The arrow hits the adder.
The adder is severely wounded.
The adder closely misses you. The adder bites you.
You shoot an arrow. The arrow hits the adder!
You kill the adder!
You start resting.
An orc priest is nearby!
You shoot an arrow. The arrow hits the orc priest!
The orc priest is severely wounded.
You shoot an arrow.
The arrow closely misses the orc priest.
You shoot an arrow.
The arrow closely misses the orc priest.
The orc priest hits you with a +0 flail.
You shoot an arrow.
The arrow closely misses the orc priest.
The orc priest barely misses you.
The orc priest hits you with a +0 flail.
You shoot an arrow.
The arrow hits the orc priest but does no damage.
The orc priest is severely wounded.
The orc priest misses you.
You shoot an arrow. The arrow hits the orc priest.
The orc priest is severely wounded.
The orc priest invokes the aid of Beogh against you.
Pain shoots through your body!
1154 ||| READING scroll of teleportation.
As you read the scroll of teleportation, it crumbles to dust.
You feel strangely unstable.
The orc priest hits you with a +0 flail!
You die...

......### ..
>.##.. # #.## #
..##..### #... .#
.)....... #?.##)
#######.# #....
#.. .). ### #o# #
#@# ########## #.#
###.........
#.#####...########
#....(....#
#######...# #####


You could see an orc priest.

Vanquished Creatures
  An orc wizard (D:2)
  3 adders (D:2)
  A worm (D:2)
  5 orcs (D:2)
  A ball python (D:1)
  5 bats
  4 endoplasms
  A giant cockroach (D:2)
  3 goblins (D:1)
  4 hobgoblins (D:1)
  A kobold (D:2)
  A quokka (D:1)
  A frilled lizard (D:1)
  2 rats (D:2)
33 creatures vanquished.

Notes
Turn   | Place    | Note
-------+----------+-------------------------------------------
     0 | D:1      | qw the Deep Elf Hunter began the quest for the Orb.
     0 | D:1      | Reached XP level 1. HP: 12/12 MP: 3/3
     0 | D:1      | 0 ||| qw: Version: 0.3-a-9-g12657ce
     0 | D:1      | 0 ||| qw: Game counter: 3643
     0 | D:1      | 0 ||| qw: Always use a shield: true
     0 | D:1      | 0 ||| qw: God list: Okawaru
     0 | D:1      | 0 ||| qw: Allow faded altars: false
     0 | D:1      | 0 ||| qw: Do Orc after D:15 true
     0 | D:1      | 0 ||| qw: Do second Lair branch before Depths: true
     0 | D:1      | 0 ||| qw: Lair rune preference: random
     0 | D:1      | 0 ||| qw: Plans: Normal
     0 | D:1      | 0 ||| PLANNING D:1-11
   216 | D:1      | 216 ||| FLEEEEING.
   218 | D:1      | 218 ||| FLEEEEING.
   219 | D:1      | 219 ||| FLEEEEING.
   220 | D:1      | 220 ||| FLEEEEING.
   221 | D:1      | 221 ||| FLEEEEING.
   222 | D:1      | 222 ||| FLEEEEING.
   223 | D:1      | 223 ||| FLEEEEING.
   224 | D:1      | 224 ||| FLEEEEING.
   225 | D:1      | 225 ||| FLEEEEING.
   292 | D:1      | Reached skill level 6 in Ranged Weapons
   292 | D:1      | Reached XP level 2. HP: 16/16 MP: 4/4
   726 | D:1      | 726 ||| UPGRADING to +0 swamp dragon scales.
   736 | D:1      | 736 ||| DROPPING +0 leather armour.
   737 | D:1      | 737 ||| READING scroll labelled BEANUTIJYD.
   740 | D:1      | 740 ||| READING 5 scrolls labelled OLAANUT ILAV.
   741 | D:1      | 741 ||| READING scroll labelled ACOAGE KISILUO.
   742 | D:1      | 742 ||| DRINKING 2 ruby potions.
   743 | D:1      | 743 ||| DRINKING 3 orange potions.
   744 | D:1      | 744 ||| READING 4 scrolls of identify.
   744 | D:1      | 744 ||| IDENTIFYING inky potion
   745 | D:1      | 745 ||| DROPPING scroll of butterflies.
   841 | D:2      | Reached XP level 3. HP: 19/20 MP: 5/5
   879 | D:2      | Found a hazy altar of Hepliaklqana.
   918 | D:2      | Reached skill level 7 in Ranged Weapons
   985 | D:2      | 985 ||| DRINKING 2 potions of curing.
   985 | D:2      | 985 ||| (to cure confusion)
   993 | D:2      | Reached XP level 4. HP: 25/25 MP: 6/6
  1153 | D:2      | HP: 4/25 [orc priest/nerve-wracking pain (11)]
  1154 | D:2      | 1154 ||| READING scroll of teleportation.
  1154 | D:2      | Slain by an orc priest

Levels and vault maps discovered:
D:1:      erik_arrival_blinker_ship, layout_basic, serial_curves,
          eino_curves_04, eino_curves_02
D:2:      layout_loops_cross, basic_altar, uniq_terence

Skill      XL: |  1  2  3 |
---------------+----------+-----
Ranged Weapons | 6 7 |  7.8
Fighting       | |  1.5
Dodging        | |  2.4
Stealth        | |  1.2

Action                     |  1- 3 |  4- 6 || total
---------------------------+-------+-------++-------
   Fire: Shortbow          |    65 |    26 ||    91
    Use: Scroll            |     4 |     1 ||     5
         Potion            |     3 |       ||     3
 Armour: Swamp dragon scal |     7 |     3 ||    10
  Dodge: Dodged            |     9 |     6 ||    15

Table legend:
 A = Non-vault XP
 B = Vault XP
 C = Vault XP percentage of total XP
 D = Non-vault monster count
 E = Vault monster count
 F = Vault count percentage of total count
                 A         B        C        D         E       F
            +---------+---------+-------+---------+---------+-------
      Total |     134 |       0 |   0.0 |      33 |       0 |   0.0
            +---------+---------+-------+---------+---------+-------
        D:1 |      29 |       0 |   0.0 |      16 |       0 |   0.0
        D:2 |     105 |       0 |   0.0 |      17 |       0 |   0.0
            +---------+---------+-------+---------+---------+-------
